Workbook

Sheet SKU List
A5: SKU | B5: Description | C5: Cost ($ per unit) | D5: Annual sales (units) | E5: Average sales (units per day)
A6: 123-456789 | B6: Voice Assistant IoT Add-on Box, 4 GB | C6: 50.79 | D6: =SUMIF('Sales History'!$B$4:$B$2195,'SKU List'!A6,'Sales History'!$D$4:$D$2195) -> 13934 | E6: =D6/365 -> 38.175342
A7: 654-2-34 | B7: Voice Assistant IoT Add-on Box, 2 GB | C7: 45.711 | D7: =SUMIF('Sales History'!$B$4:$B$2195,'SKU List'!A7,'Sales History'!$D$4:$D$2195) -> 10428 | E7: =D7/365 -> 28.569863
A8: AB-1035-G | B8: Voice Assistant IoT Add-on Box, 1 GB | C8: 40.632 | D8: =SUMIF('Sales History'!$B$4:$B$2195,'SKU List'!A8,'Sales History'!$D$4:$D$2195) -> 15045 | E8: =D8/365 -> 41.219178
A9: 84325322 | B9: Voice Assistant IoT Add-on Box, 512MG | C9: 35.553 | D9: =SUMIF('Sales History'!$B$4:$B$2195,'SKU List'!A9,'Sales History'!$D$4:$D$2195) -> 7908 | E9: =D9/365 -> 21.665753
A10: 13-23423 | B10: Voice Assistant, component | C10: 5.079 | D10: =SUMIF('Sales History'!$B$4:$B$2195,'SKU List'!A10,'Sales History'!$D$4:$D$2195) -> 14015 | E10: =D10/365 -> 38.39726
A11: 14-34222 | B11: Voice Assistant, module | C11: 10.158 | D11: =SUMIF('Sales History'!$B$4:$B$2195,'SKU List'!A11,'Sales History'!$D$4:$D$2195) -> 13981 | E11: =D11/365 -> 38.30411

Sheet Order History
K3: =AVERAGE(C8,C119) -> 607.60374 | L3: Quantity average = 608
I4: FILTER SKU for CORRECT COMPUTATIONS ---> | L4: Average Lead Time = | M4: =SUBTOTAL(1,G:G) -> 39.455357 | N4: days | O4: (of filered data!)
L5: StDev of Lead Time = | M5: =SUBTOTAL(7,G:G) -> 5.756138 | N5: days | O5: (of filered data!)
L6: Order Processing Cost = | M6: =SUBTOTAL(1,E:E) -> 181.00208 | N6: per order | O6: (of filered data!)
A7: Date of Order | B7: SKU | C7: Quantity (units) | D7: Purchase Order Cost ($) | E7: Cost to process order, S ($) | F7: Delivery Date | G7: Lead-time (days)
A8: 42736 | B8: 123-456789 | C8: 794.29769 | D8: 40342.379 | E8: 164.94623 | F8: 42785 | G8: =F8-A8 -> 49
A9: 42741 | B9: 654-2-34 | C9: 581.73066 | D9: 26591.49 | E9: 173.51223 | F9: 42779 | G9: =F9-A9 -> 38
A10: 42742 | B10: AB-1035-G | C10: 799.67694 | D10: 32492.473 | E10: 191.66167 | F10: 42772 | G10: =F10-A10 -> 30
A11: 42746 | B11: 84325322 | C11: 419.27979 | D11: 14906.654 | E11: 175.84064 | F11: 42795 | G11: =F11-A11 -> 49
A12: 42749 | B12: 13-23423 | C12: 812.37046 | D12: 41260.296 | E12: 165.23985 | F12: 42793 | G12: =F12-A12 -> 44
A13: 42751 | B13: 14-34222 | C13: 728.06201 | D13: 36978.27 | E13: 180.97237 | F13: 42793 | G13: =F13-A13 -> 42
A14: 42754 | B14: 123-456789 | C14: 720.12945 | D14: 36575.375 | E14: 167.07902 | F14: 42796 | G14: =F14-A14 -> 42
A15: 42758 | B15: 654-2-34 | C15: 534.09017 | D15: 24413.796 | E15: 173.36037 | F15: 42800 | G15: =F15-A15 -> 42
A16: 42763 | B16: AB-1035-G | C16: 738.58101 | D16: 30010.024 | E16: 166.41409 | F16: 42807 | G16: =F16-A16 -> 44
A17: 42766 | B17: 84325322 | C17: 408.63805 | D17: 14528.309 | E17: 172.34489 | F17: 42799 | G17: =F17-A17 -> 33
A18: 42768 | B18: 13-23423 | C18: 711.79186 | D18: 36151.909 | E18: 174.7901 | F18: 42806 | G18: =F18-A18 -> 38
A19: 42770 | B19: 14-34222 | C19: 756.29156 | D19: 38412.048 | E19: 197.05025 | F19: 42800 | G19: =F19-A19 -> 30
A20: 42771 | B20: 123-456789 | C20: 731.10745 | D20: 37132.947 | E20: 172.11049 | F20: 42817 | G20: =F20-A20 -> 46
A21: 42776 | B21: 654-2-34 | C21: 590.23931 | D21: 26980.429 | E21: 188.54007 | F21: 42811 | G21: =F21-A21 -> 35
A22: 42779 | B22: AB-1035-G | C22: 719.74459 | D22: 29244.662 | E22: 179.03787 | F22: 42820 | G22: =F22-A22 -> 41
A23: 42784 | B23: 84325322 | C23: 453.3241 | D23: 16117.032 | E23: 181.97345 | F23: 42824 | G23: =F23-A23 -> 40
A24: 42785 | B24: 13-23423 | C24: 851.24349 | D24: 43234.657 | E24: 179.13138 | F24: 42821 | G24: =F24-A24 -> 36
A25: 42790 | B25: 14-34222 | C25: 710.02944 | D25: 36062.395 | E25: 179.84787 | F25: 42837 | G25: =F25-A25 -> 47
A26: 42794 | B26: 123-456789 | C26: 720.04818 | D26: 36571.247 | E26: 187.42952 | F26: 42838 | G26: =F26-A26 -> 44
A27: 42797 | B27: 654-2-34 | C27: 551.46282 | D27: 25207.917 | E27: 176.29364 | F27: 42834 | G27: =F27-A27 -> 37
A28: 42801 | B28: AB-1035-G | C28: 811.47626 | D28: 32971.903 | E28: 179.4925 | F28: 42840 | G28: =F28-A28 -> 39
A29: 42802 | B29: 84325322 | C29: 428.13045 | D29: 15221.322 | E29: 184.75554 | F29: 42841 | G29: =F29-A29 -> 39
A30: 42803 | B30: 13-23423 | C30: 822.57923 | D30: 41778.799 | E30: 197.32329 | F30: 42852 | G30: =F30-A30 -> 49
A31: 42808 | B31: 14-34222 | C31: 724.32373 | D31: 36788.402 | E31: 185.58215 | F31: 42857 | G31: =F31-A31 -> 49
A32: 42813 | B32: 123-456789 | C32: 680.31243 | D32: 34553.068 | E32: 180.97044 | F32: 42857 | G32: =F32-A32 -> 44
A33: 42816 | B33: 654-2-34 | C33: 600.77612 | D33: 27462.077 | E33: 168.01079 | F33: 42848 | G33: =F33-A33 -> 32
A34: 42821 | B34: AB-1035-G | C34: 818.31482 | D34: 33249.768 | E34: 188.75495 | F34: 42864 | G34: =F34-A34 -> 43
A35: 42826 | B35: 84325322 | C35: 393.96548 | D35: 14006.655 | E35: 187.21807 | F35: 42866 | G35: =F35-A35 -> 40
A36: 42830 | B36: 13-23423 | C36: 758.00609 | D36: 38499.129 | E36: 176.97013 | F36: 42873 | G36: =F36-A36 -> 43
A37: 42832 | B37: 14-34222 | C37: 723.57634 | D37: 36750.442 | E37: 197.33588 | F37: 42876 | G37: =F37-A37 -> 44
A38: 42834 | B38: 123-456789 | C38: 662.02077 | D38: 33624.035 | E38: 197.2586 | F38: 42878 | G38: =F38-A38 -> 44
A39: 42836 | B39: 654-2-34 | C39: 598.81325 | D39: 27372.353 | E39: 194.56883 | F39: 42876 | G39: =F39-A39 -> 40
A40: 42838 | B40: AB-1035-G | C40: 804.91943 | D40: 32705.486 | E40: 186.48604 | F40: 42886 | G40: =F40-A40 -> 48
A41: 42840 | B41: 84325322 | C41: 414.18826 | D41: 14725.635 | E41: 179.38684 | F41: 42876 | G41: =F41-A41 -> 36
A42: 42843 | B42: 13-23423 | C42: 816.0508 | D42: 41447.22 | E42: 179.01105 | F42: 42877 | G42: =F42-A42 -> 34
A43: 42846 | B43: 14-34222 | C43: 721.14406 | D43: 36626.907 | E43: 184.30821 | F43: 42876 | G43: =F43-A43 -> 30
A44: 42847 | B44: 123-456789 | C44: 766.09782 | D44: 38910.109 | E44: 192.21726 | F44: 42888 | G44: =F44-A44 -> 41
A45: 42850 | B45: 654-2-34 | C45: 548.95521 | D45: 25093.292 | E45: 186.62651 | F45: 42889 | G45: =F45-A45 -> 39
A46: 42853 | B46: AB-1035-G | C46: 735.58808 | D46: 29888.415 | E46: 184.19138 | F46: 42883 | G46: =F46-A46 -> 30
A47: 42858 | B47: 84325322 | C47: 384.67242 | D47: 13676.259 | E47: 187.31677 | F47: 42905 | G47: =F47-A47 -> 47
A48: 42862 | B48: 13-23423 | C48: 786.41316 | D48: 39941.924 | E48: 197.01473 | F48: 42892 | G48: =F48-A48 -> 30
A49: 42866 | B49: 14-34222 | C49: 716.87023 | D49: 36409.839 | E49: 174.52048 | F49: 42897 | G49: =F49-A49 -> 31
A50: 42868 | B50: 123-456789 | C50: 742.77192 | D50: 37725.386 | E50: 180.16211 | F50: 42901 | G50: =F50-A50 -> 33
A51: 42872 | B51: 654-2-34 | C51: 580.8405 | D51: 26550.8 | E51: 191.45022 | F51: 42913 | G51: =F51-A51 -> 41
A52: 42873 | B52: AB-1035-G | C52: 864.98583 | D52: 35146.104 | E52: 167.372 | F52: 42904 | G52: =F52-A52 -> 31
A53: 42874 | B53: 84325322 | C53: 446.54274 | D53: 15875.934 | E53: 192.6622 | F53: 42912 | G53: =F53-A53 -> 38
A54: 42878 | B54: 13-23423 | C54: 723.81513 | D54: 36762.571 | E54: 177.29857 | F54: 42913 | G54: =F54-A54 -> 35
A55: 42881 | B55: 14-34222 | C55: 793.2472 | D55: 40289.025 | E55: 196.98025 | F55: 42923 | G55: =F55-A55 -> 42
A56: 42886 | B56: 123-456789 | C56: 786.49329 | D56: 39945.994 | E56: 163.53681 | F56: 42918 | G56: =F56-A56 -> 32
A57: 42888 | B57: 654-2-34 | C57: 596.29306 | D57: 27257.152 | E57: 168.05266 | F57: 42925 | G57: =F57-A57 -> 37
A58: 42891 | B58: AB-1035-G | C58: 729.4374 | D58: 29638.5 | E58: 185.67542 | F58: 42940 | G58: =F58-A58 -> 49
A59: 42893 | B59: 84325322 | C59: 387.46833 | D59: 13775.661 | E59: 174.40043 | F59: 42923 | G59: =F59-A59 -> 30
A60: 42897 | B60: 13-23423 | C60: 696.98451 | D60: 35399.843 | E60: 186.43615 | F60: 42940 | G60: =F60-A60 -> 43
A61: 42899 | B61: 14-34222 | C61: 732.44975 | D61: 37201.123 | E61: 167.44692 | F61: 42942 | G61: =F61-A61 -> 43
A62: 42900 | B62: 123-456789 | C62: 712.74813 | D62: 36200.478 | E62: 192.40326 | F62: 42934 | G62: =F62-A62 -> 34
A63: 42904 | B63: 654-2-34 | C63: 513.1592 | D63: 23457.02 | E63: 189.25186 | F63: 42949 | G63: =F63-A63 -> 45
A64: 42907 | B64: AB-1035-G | C64: 764.20875 | D64: 31051.33 | E64: 196.84183 | F64: 42948 | G64: =F64-A64 -> 41
A65: 42910 | B65: 84325322 | C65: 428.00108 | D65: 15216.722 | E65: 185.91835 | F65: 42943 | G65: =F65-A65 -> 33
A66: 42912 | B66: 13-23423 | C66: 710.10461 | D66: 36066.213 | E66: 171.39921 | F66: 42953 | G66: =F66-A66 -> 41
A67: 42914 | B67: 14-34222 | C67: 750.10122 | D67: 38097.641 | E67: 177.68234 | F67: 42944 | G67: =F67-A67 -> 30
A68: 42918 | B68: 123-456789 | C68: 779.83362 | D68: 39607.75 | E68: 177.7138 | F68: 42956 | G68: =F68-A68 -> 38
A69: 42922 | B69: 654-2-34 | C69: 569.74121 | D69: 26043.44 | E69: 190.86861 | F69: 42965 | G69: =F69-A69 -> 43
A70: 42925 | B70: AB-1035-G | C70: 737.55868 | D70: 29968.484 | E70: 185.75827 | F70: 42959 | G70: =F70-A70 -> 34
A71: 42929 | B71: 84325322 | C71: 417.47 | D71: 14842.311 | E71: 190.76184 | F71: 42965 | G71: =F71-A71 -> 36
A72: 42930 | B72: 13-23423 | C72: 849.38397 | D72: 43140.212 | E72: 170.86616 | F72: 42972 | G72: =F72-A72 -> 42
A73: 42935 | B73: 14-34222 | C73: 709.52858 | D73: 36036.956 | E73: 179.84022 | F73: 42983 | G73: =F73-A73 -> 48
A74: 42939 | B74: 123-456789 | C74: 762.8104 | D74: 38743.14 | E74: 167.34544 | F74: 42976 | G74: =F74-A74 -> 37
A75: 42943 | B75: 654-2-34 | C75: 519.78398 | D75: 23759.845 | E75: 191.94889 | F75: 42980 | G75: =F75-A75 -> 37
A76: 42947 | B76: AB-1035-G | C76: 807.82487 | D76: 32823.54 | E76: 190.88664 | F76: 42995 | G76: =F76-A76 -> 48
A77: 42951 | B77: 84325322 | C77: 446.68149 | D77: 15880.867 | E77: 186.66774 | F77: 42991 | G77: =F77-A77 -> 40
A78: 42955 | B78: 13-23423 | C78: 755.61874 | D78: 38377.876 | E78: 164.27653 | F78: 42999 | G78: =F78-A78 -> 44
A79: 42960 | B79: 14-34222 | C79: 826.37415 | D79: 41971.543 | E79: 162.10034 | F79: 42997 | G79: =F79-A79 -> 37
A80: 42964 | B80: 123-456789 | C80: 703.06859 | D80: 35708.854 | E80: 190.11922 | F80: 43001 | G80: =F80-A80 -> 37
A81: 42965 | B81: 654-2-34 | C81: 564.47277 | D81: 25802.615 | E81: 162.61633 | F81: 43005 | G81: =F81-A81 -> 40
A82: 42967 | B82: AB-1035-G | C82: 841.95561 | D82: 34210.34 | E82: 169.25613 | F82: 42997 | G82: =F82-A82 -> 30
A83: 42970 | B83: 84325322 | C83: 399.67892 | D83: 14209.785 | E83: 192.65304 | F83: 43006 | G83: =F83-A83 -> 36
A84: 42971 | B84: 13-23423 | C84: 777.24548 | D84: 39476.298 | E84: 166.21249 | F84: 43008 | G84: =F84-A84 -> 37
A85: 42973 | B85: 14-34222 | C85: 789.7122 | D85: 40109.483 | E85: 173.13543 | F85: 43008 | G85: =F85-A85 -> 35
A86: 42976 | B86: 123-456789 | C86: 697.43738 | D86: 35422.844 | E86: 167.37158 | F86: 43006 | G86: =F86-A86 -> 30
A87: 42979 | B87: 654-2-34 | C87: 566.96625 | D87: 25916.594 | E87: 173.58914 | F87: 43015 | G87: =F87-A87 -> 36
A88: 42981 | B88: AB-1035-G | C88: 784.07771 | D88: 31858.646 | E88: 182.75791 | F88: 43024 | G88: =F88-A88 -> 43
A89: 42983 | B89: 84325322 | C89: 418.21332 | D89: 14868.738 | E89: 191.23166 | F89: 43024 | G89: =F89-A89 -> 41
A90: 42988 | B90: 13-23423 | C90: 791.23937 | D90: 40187.047 | E90: 194.65042 | F90: 43036 | G90: =F90-A90 -> 48
A91: 42993 | B91: 14-34222 | C91: 767.76912 | D91: 38994.994 | E91: 193.67504 | F91: 43039 | G91: =F91-A91 -> 46
A92: 42997 | B92: 123-456789 | C92: 715.38068 | D92: 36334.185 | E92: 190.14311 | F92: 43044 | G92: =F92-A92 -> 47
A93: 43000 | B93: 654-2-34 | C93: 537.92889 | D93: 24589.267 | E93: 162.63966 | F93: 43034 | G93: =F93-A93 -> 34
A94: 43005 | B94: AB-1035-G | C94: 856.5218 | D94: 34802.194 | E94: 175.50999 | F94: 43036 | G94: =F94-A94 -> 31
A95: 43010 | B95: 84325322 | C95: 416.92069 | D95: 14822.781 | E95: 166.58486 | F95: 43055 | G95: =F95-A95 -> 45
A96: 43014 | B96: 13-23423 | C96: 697.59969 | D96: 35431.088 | E96: 168.14843 | F96: 43052 | G96: =F96-A96 -> 38
A97: 43016 | B97: 14-34222 | C97: 834.29422 | D97: 42373.804 | E97: 185.2691 | F97: 43048 | G97: =F97-A97 -> 32
A98: 43019 | B98: 123-456789 | C98: 719.41954 | D98: 36539.318 | E98: 197.56179 | F98: 43060 | G98: =F98-A98 -> 41
A99: 43023 | B99: 654-2-34 | C99: 526.54886 | D99: 24069.075 | E99: 180.41785 | F99: 43069 | G99: =F99-A99 -> 46
A100: 43027 | B100: AB-1035-G | C100: 721.94229 | D100: 29333.959 | E100: 195.2101 | F100: 43070 | G100: =F100-A100 -> 43
A101: 43031 | B101: 84325322 | C101: 421.70119 | D101: 14992.742 | E101: 178.95753 | F101: 43071 | G101: =F101-A101 -> 40
A102: 43032 | B102: 13-23423 | C102: 792.04505 | D102: 40227.968 | E102: 164.49887 | F102: 43069 | G102: =F102-A102 -> 37
...

Sheet Operating Costs
A1: Corporate Inventory Costs
C2: Annual Expenditures ($) | D2: Source:
A3: Capital Cost | B3: Investment in Inventory | C3: =B18*10.254% -> 461430 | D3: CFO
A5: Inventory service cost | B5: Insurance | C5: =B18*1.3% -> 58500 | D5: CFO
B6: Taxes | C6: =B18*0.05 -> 225000 | D6: CFO
A8: Storage cost | B8: Warehouse (rent) | C8: =12000*12 -> 144000 | D8: CSCO
B9: Operations (labor) | C9: =20*40*4*52 -> 166400 | D9: COO
B10: Operations (utilities) | C10: =C8/9 -> 16000 | D10: CFO
B11: Operations (equipment) | C11: =C8/12 -> 12000 | D11: COO
A13: Risk cost | B13: Obsolescence | C13: 12987 | D13: CSCO | F13: Legend:
B14: Damage | C14: 8234 | D14: CSCO | G14: CFO = Chief Finacial Officer
B15: Pilferage | C15: 865 | D15: CSCO | G15: COO = Chief Operating Officer
B16: Relocation | C16: 2432 | D16: CSCO | G16: CSCO = Chief Supply Chain Officer
A18: Average Inventory | B18: 4500000
A20: Total Annual Inventory Holding Costs ($) | C20: 1107848
A21: Inventory Holding Cost Rate (% annually) | C21: 0.2462

Sheet Sales History
L1: Total demand = | M1: =SUBTOTAL(9,D:D) -> 75311 | N1: units | O1: (of filered data!)
J2: FILTER SKU for CORRECT COMPUTATIONS ---> | L2: Average demand = | M2: =SUBTOTAL(1,D:D) -> 34.357208 | N2: units per day | O2: (of filered data!)
A3: Date of Sale | B3: SKU | C3: Price (retail, $) | D3: Quantity (units per day) | E3: Cost per unit ($) | F3: Margin (% of cost) | L3: StDev of Demand = | M3: =SUBTOTAL(7,D:D) -> 7.591021 | N3: units per day | O3: (of filered data!)
A4: 42736 | B4: 123-456789 | C4: 63.289629 | D4: 42 | E4: =VLOOKUP(B4,'SKU List'!$A$6:$C$11,3,1) -> 50.79 | F4: =(C4-E4)/E4 -> 0.24610414
A5: 42736 | B5: 654-2-34 | C5: 58.329548 | D5: 25 | E5: =VLOOKUP(B5,'SKU List'!$A$6:$C$11,3,1) -> 45.711 | F5: =(C5-E5)/E5 -> 0.27605058
A6: 42736 | B6: AB-1035-G | C6: 48.669653 | D6: 44 | E6: =VLOOKUP(B6,'SKU List'!$A$6:$C$11,3,1) -> 40.632 | F6: =(C6-E6)/E6 -> 0.19781582
A7: 42736 | B7: 84325322 | C7: 43.997719 | D7: 20 | E7: =VLOOKUP(B7,'SKU List'!$A$6:$C$11,3,1) -> 35.553 | F7: =(C7-E7)/E7 -> 0.2375248
A8: 42736 | B8: 13-23423 | C8: 59.459186 | D8: 43 | E8: =VLOOKUP(B8,'SKU List'!$A$6:$C$11,3,1) -> 5.079 | F8: =(C8-E8)/E8 -> 10.706869
A9: 42736 | B9: 14-34222 | C9: 56.651413 | D9: 37 | E9: =VLOOKUP(B9,'SKU List'!$A$6:$C$11,3,1) -> 10.158 | F9: =(C9-E9)/E9 -> 4.5770243
A10: 42737 | B10: 123-456789 | C10: 58.158539 | D10: 39 | E10: =VLOOKUP(B10,'SKU List'!$A$6:$C$11,3,1) -> 50.79 | F10: =(C10-E10)/E10 -> 0.14507854
A11: 42737 | B11: 654-2-34 | C11: 54.587801 | D11: 28 | E11: =VLOOKUP(B11,'SKU List'!$A$6:$C$11,3,1) -> 45.711 | F11: =(C11-E11)/E11 -> 0.19419398
A12: 42737 | B12: AB-1035-G | C12: 52.64064 | D12: 47 | E12: =VLOOKUP(B12,'SKU List'!$A$6:$C$11,3,1) -> 40.632 | F12: =(C12-E12)/E12 -> 0.29554638
A13: 42737 | B13: 84325322 | C13: 42.494423 | D13: 24 | E13: =VLOOKUP(B13,'SKU List'!$A$6:$C$11,3,1) -> 35.553 | F13: =(C13-E13)/E13 -> 0.19524155
A14: 42737 | B14: 13-23423 | C14: 57.609022 | D14: 38 | E14: =VLOOKUP(B14,'SKU List'!$A$6:$C$11,3,1) -> 5.079 | F14: =(C14-E14)/E14 -> 10.342591
A15: 42737 | B15: 14-34222 | C15: 59.74148 | D15: 42 | E15: =VLOOKUP(B15,'SKU List'!$A$6:$C$11,3,1) -> 10.158 | F15: =(C15-E15)/E15 -> 4.8812247
A16: 42738 | B16: 123-456789 | C16: 58.462174 | D16: 44 | E16: =VLOOKUP(B16,'SKU List'!$A$6:$C$11,3,1) -> 50.79 | F16: =(C16-E16)/E16 -> 0.15105678
A17: 42738 | B17: 654-2-34 | C17: 53.304451 | D17: 33 | E17: =VLOOKUP(B17,'SKU List'!$A$6:$C$11,3,1) -> 45.711 | F17: =(C17-E17)/E17 -> 0.16611868
A18: 42738 | B18: AB-1035-G | C18: 45.309574 | D18: 48 | E18: =VLOOKUP(B18,'SKU List'!$A$6:$C$11,3,1) -> 40.632 | F18: =(C18-E18)/E18 -> 0.11512046
A19: 42738 | B19: 84325322 | C19: 41.231594 | D19: 22 | E19: =VLOOKUP(B19,'SKU List'!$A$6:$C$11,3,1) -> 35.553 | F19: =(C19-E19)/E19 -> 0.15972194
A20: 42738 | B20: 13-23423 | C20: 63.580812 | D20: 39 | E20: =VLOOKUP(B20,'SKU List'!$A$6:$C$11,3,1) -> 5.079 | F20: =(C20-E20)/E20 -> 11.518372
A21: 42738 | B21: 14-34222 | C21: 63.274029 | D21: 36 | E21: =VLOOKUP(B21,'SKU List'!$A$6:$C$11,3,1) -> 10.158 | F21: =(C21-E21)/E21 -> 5.228985
A22: 42739 | B22: 123-456789 | C22: 58.406705 | D22: 34 | E22: =VLOOKUP(B22,'SKU List'!$A$6:$C$11,3,1) -> 50.79 | F22: =(C22-E22)/E22 -> 0.14996465
A23: 42739 | B23: 654-2-34 | C23: 52.839102 | D23: 29 | E23: =VLOOKUP(B23,'SKU List'!$A$6:$C$11,3,1) -> 45.711 | F23: =(C23-E23)/E23 -> 0.15593843
A24: 42739 | B24: AB-1035-G | C24: 49.84803 | D24: 40 | E24: =VLOOKUP(B24,'SKU List'!$A$6:$C$11,3,1) -> 40.632 | F24: =(C24-E24)/E24 -> 0.22681705
A25: 42739 | B25: 84325322 | C25: 45.158679 | D25: 20 | E25: =VLOOKUP(B25,'SKU List'!$A$6:$C$11,3,1) -> 35.553 | F25: =(C25-E25)/E25 -> 0.27017915
A26: 42739 | B26: 13-23423 | C26: 64.573532 | D26: 40 | E26: =VLOOKUP(B26,'SKU List'!$A$6:$C$11,3,1) -> 5.079 | F26: =(C26-E26)/E26 -> 11.713828
A27: 42739 | B27: 14-34222 | C27: 62.657811 | D27: 33 | E27: =VLOOKUP(B27,'SKU List'!$A$6:$C$11,3,1) -> 10.158 | F27: =(C27-E27)/E27 -> 5.1683216
A28: 42740 | B28: 123-456789 | C28: 65.303491 | D28: 33 | E28: =VLOOKUP(B28,'SKU List'!$A$6:$C$11,3,1) -> 50.79 | F28: =(C28-E28)/E28 -> 0.28575489
A29: 42740 | B29: 654-2-34 | C29: 53.743701 | D29: 25 | E29: =VLOOKUP(B29,'SKU List'!$A$6:$C$11,3,1) -> 45.711 | F29: =(C29-E29)/E29 -> 0.17572796
A30: 42740 | B30: AB-1035-G | C30: 51.717701 | D30: 39 | E30: =VLOOKUP(B30,'SKU List'!$A$6:$C$11,3,1) -> 40.632 | F30: =(C30-E30)/E30 -> 0.27283178
A31: 42740 | B31: 84325322 | C31: 39.582632 | D31: 21 | E31: =VLOOKUP(B31,'SKU List'!$A$6:$C$11,3,1) -> 35.553 | F31: =(C31-E31)/E31 -> 0.11334156
A32: 42740 | B32: 13-23423 | C32: 60.523961 | D32: 42 | E32: =VLOOKUP(B32,'SKU List'!$A$6:$C$11,3,1) -> 5.079 | F32: =(C32-E32)/E32 -> 10.916511
A33: 42740 | B33: 14-34222 | C33: 55.929107 | D33: 36 | E33: =VLOOKUP(B33,'SKU List'!$A$6:$C$11,3,1) -> 10.158 | F33: =(C33-E33)/E33 -> 4.5059172
A34: 42741 | B34: 123-456789 | C34: 62.380798 | D34: 42 | E34: =VLOOKUP(B34,'SKU List'!$A$6:$C$11,3,1) -> 50.79 | F34: =(C34-E34)/E34 -> 0.22821024
A35: 42741 | B35: 654-2-34 | C35: 52.264148 | D35: 26 | E35: =VLOOKUP(B35,'SKU List'!$A$6:$C$11,3,1) -> 45.711 | F35: =(C35-E35)/E35 -> 0.14336043
A36: 42741 | B36: AB-1035-G | C36: 48.779252 | D36: 47 | E36: =VLOOKUP(B36,'SKU List'!$A$6:$C$11,3,1) -> 40.632 | F36: =(C36-E36)/E36 -> 0.20051318
A37: 42741 | B37: 84325322 | C37: 40.409005 | D37: 20 | E37: =VLOOKUP(B37,'SKU List'!$A$6:$C$11,3,1) -> 35.553 | F37: =(C37-E37)/E37 -> 0.13658496
A38: 42741 | B38: 13-23423 | C38: 58.188419 | D38: 40 | E38: =VLOOKUP(B38,'SKU List'!$A$6:$C$11,3,1) -> 5.079 | F38: =(C38-E38)/E38 -> 10.456668
A39: 42741 | B39: 14-34222 | C39: 64.631778 | D39: 35 | E39: =VLOOKUP(B39,'SKU List'!$A$6:$C$11,3,1) -> 10.158 | F39: =(C39-E39)/E39 -> 5.362648
A40: 42742 | B40: 123-456789 | C40: 60.735663 | D40: 39 | E40: =VLOOKUP(B40,'SKU List'!$A$6:$C$11,3,1) -> 50.79 | F40: =(C40-E40)/E40 -> 0.19581931
A41: 42742 | B41: 654-2-34 | C41: 52.981437 | D41: 29 | E41: =VLOOKUP(B41,'SKU List'!$A$6:$C$11,3,1) -> 45.711 | F41: =(C41-E41)/E41 -> 0.15905224
A42: 42742 | B42: AB-1035-G | C42: 46.376171 | D42: 36 | E42: =VLOOKUP(B42,'SKU List'!$A$6:$C$11,3,1) -> 40.632 | F42: =(C42-E42)/E42 -> 0.14137063
A43: 42742 | B43: 84325322 | C43: 42.744828 | D43: 21 | E43: =VLOOKUP(B43,'SKU List'!$A$6:$C$11,3,1) -> 35.553 | F43: =(C43-E43)/E43 -> 0.2022847
A44: 42742 | B44: 13-23423 | C44: 62.064241 | D44: 37 | E44: =VLOOKUP(B44,'SKU List'!$A$6:$C$11,3,1) -> 5.079 | F44: =(C44-E44)/E44 -> 11.219776
A45: 42742 | B45: 14-34222 | C45: 58.316661 | D45: 43 | E45: =VLOOKUP(B45,'SKU List'!$A$6:$C$11,3,1) -> 10.158 | F45: =(C45-E45)/E45 -> 4.7409589
A46: 42743 | B46: 123-456789 | C46: 58.395475 | D46: 34 | E46: =VLOOKUP(B46,'SKU List'!$A$6:$C$11,3,1) -> 50.79 | F46: =(C46-E46)/E46 -> 0.14974355
A47: 42743 | B47: 654-2-34 | C47: 52.282187 | D47: 33 | E47: =VLOOKUP(B47,'SKU List'!$A$6:$C$11,3,1) -> 45.711 | F47: =(C47-E47)/E47 -> 0.14375505
A48: 42743 | B48: AB-1035-G | C48: 52.222358 | D48: 47 | E48: =VLOOKUP(B48,'SKU List'!$A$6:$C$11,3,1) -> 40.632 | F48: =(C48-E48)/E48 -> 0.28525197
A49: 42743 | B49: 84325322 | C49: 45.321069 | D49: 24 | E49: =VLOOKUP(B49,'SKU List'!$A$6:$C$11,3,1) -> 35.553 | F49: =(C49-E49)/E49 -> 0.27474668
A50: 42743 | B50: 13-23423 | C50: 65.220907 | D50: 39 | E50: =VLOOKUP(B50,'SKU List'!$A$6:$C$11,3,1) -> 5.079 | F50: =(C50-E50)/E50 -> 11.841289
A51: 42743 | B51: 14-34222 | C51: 61.394809 | D51: 33 | E51: =VLOOKUP(B51,'SKU List'!$A$6:$C$11,3,1) -> 10.158 | F51: =(C51-E51)/E51 -> 5.0439859
A52: 42744 | B52: 123-456789 | C52: 62.877193 | D52: 42 | E52: =VLOOKUP(B52,'SKU List'!$A$6:$C$11,3,1) -> 50.79 | F52: =(C52-E52)/E52 -> 0.23798372
A53: 42744 | B53: 654-2-34 | C53: 56.802042 | D53: 31 | E53: =VLOOKUP(B53,'SKU List'!$A$6:$C$11,3,1) -> 45.711 | F53: =(C53-E53)/E53 -> 0.24263398
A54: 42744 | B54: AB-1035-G | C54: 46.894249 | D54: 41 | E54: =VLOOKUP(B54,'SKU List'!$A$6:$C$11,3,1) -> 40.632 | F54: =(C54-E54)/E54 -> 0.1541211
A55: 42744 | B55: 84325322 | C55: 40.329591 | D55: 21 | E55: =VLOOKUP(B55,'SKU List'!$A$6:$C$11,3,1) -> 35.553 | F55: =(C55-E55)/E55 -> 0.13435128
A56: 42744 | B56: 13-23423 | C56: 65.971062 | D56: 40 | E56: =VLOOKUP(B56,'SKU List'!$A$6:$C$11,3,1) -> 5.079 | F56: =(C56-E56)/E56 -> 11.988986
A57: 42744 | B57: 14-34222 | C57: 58.140672 | D57: 36 | E57: =VLOOKUP(B57,'SKU List'!$A$6:$C$11,3,1) -> 10.158 | F57: =(C57-E57)/E57 -> 4.7236338
A58: 42745 | B58: 123-456789 | C58: 59.537207 | D58: 39 | E58: =VLOOKUP(B58,'SKU List'!$A$6:$C$11,3,1) -> 50.79 | F58: =(C58-E58)/E58 -> 0.17222302
A59: 42745 | B59: 654-2-34 | C59: 58.726265 | D59: 28 | E59: =VLOOKUP(B59,'SKU List'!$A$6:$C$11,3,1) -> 45.711 | F59: =(C59-E59)/E59 -> 0.28472938
A60: 42745 | B60: AB-1035-G | C60: 46.62772 | D60: 43 | E60: =VLOOKUP(B60,'SKU List'!$A$6:$C$11,3,1) -> 40.632 | F60: =(C60-E60)/E60 -> 0.14756153
A61: 42745 | B61: 84325322 | C61: 42.198591 | D61: 19 | E61: =VLOOKUP(B61,'SKU List'!$A$6:$C$11,3,1) -> 35.553 | F61: =(C61-E61)/E61 -> 0.18692067
A62: 42745 | B62: 13-23423 | C62: 57.079908 | D62: 40 | E62: =VLOOKUP(B62,'SKU List'!$A$6:$C$11,3,1) -> 5.079 | F62: =(C62-E62)/E62 -> 10.238415
A63: 42745 | B63: 14-34222 | C63: 65.486702 | D63: 40 | E63: =VLOOKUP(B63,'SKU List'!$A$6:$C$11,3,1) -> 10.158 | F63: =(C63-E63)/E63 -> 5.4468106
A64: 42746 | B64: 123-456789 | C64: 62.919966 | D64: 43 | E64: =VLOOKUP(B64,'SKU List'!$A$6:$C$11,3,1) -> 50.79 | F64: =(C64-E64)/E64 -> 0.23882586
A65: 42746 | B65: 654-2-34 | C65: 51.564343 | D65: 30 | E65: =VLOOKUP(B65,'SKU List'!$A$6:$C$11,3,1) -> 45.711 | F65: =(C65-E65)/E65 -> 0.12805107
A66: 42746 | B66: AB-1035-G | C66: 47.074386 | D66: 42 | E66: =VLOOKUP(B66,'SKU List'!$A$6:$C$11,3,1) -> 40.632 | F66: =(C66-E66)/E66 -> 0.1585545
A67: 42746 | B67: 84325322 | C67: 43.77217 | D67: 19 | E67: =VLOOKUP(B67,'SKU List'!$A$6:$C$11,3,1) -> 35.553 | F67: =(C67-E67)/E67 -> 0.23118078
A68: 42746 | B68: 13-23423 | C68: 60.247204 | D68: 37 | E68: =VLOOKUP(B68,'SKU List'!$A$6:$C$11,3,1) -> 5.079 | F68: =(C68-E68)/E68 -> 10.862021
A69: 42746 | B69: 14-34222 | C69: 58.054485 | D69: 43 | E69: =VLOOKUP(B69,'SKU List'!$A$6:$C$11,3,1) -> 10.158 | F69: =(C69-E69)/E69 -> 4.7151492
A70: 42747 | B70: 123-456789 | C70: 60.08178 | D70: 39 | E70: =VLOOKUP(B70,'SKU List'!$A$6:$C$11,3,1) -> 50.79 | F70: =(C70-E70)/E70 -> 0.18294507
A71: 42747 | B71: 654-2-34 | C71: 58.330715 | D71: 25 | E71: =VLOOKUP(B71,'SKU List'!$A$6:$C$11,3,1) -> 45.711 | F71: =(C71-E71)/E71 -> 0.27607611
A72: 42747 | B72: AB-1035-G | C72: 46.264732 | D72: 40 | E72: =VLOOKUP(B72,'SKU List'!$A$6:$C$11,3,1) -> 40.632 | F72: =(C72-E72)/E72 -> 0.13862797
A73: 42747 | B73: 84325322 | C73: 39.269523 | D73: 23 | E73: =VLOOKUP(B73,'SKU List'!$A$6:$C$11,3,1) -> 35.553 | F73: =(C73-E73)/E73 -> 0.10453473
A74: 42747 | B74: 13-23423 | C74: 58.115719 | D74: 35 | E74: =VLOOKUP(B74,'SKU List'!$A$6:$C$11,3,1) -> 5.079 | F74: =(C74-E74)/E74 -> 10.442355
A75: 42747 | B75: 14-34222 | C75: 61.339633 | D75: 39 | E75: =VLOOKUP(B75,'SKU List'!$A$6:$C$11,3,1) -> 10.158 | F75: =(C75-E75)/E75 -> 5.0385541
A76: 42748 | B76: 123-456789 | C76: 58.783242 | D76: 33 | E76: =VLOOKUP(B76,'SKU List'!$A$6:$C$11,3,1) -> 50.79 | F76: =(C76-E76)/E76 -> 0.15737826
A77: 42748 | B77: 654-2-34 | C77: 50.405059 | D77: 29 | E77: =VLOOKUP(B77,'SKU List'!$A$6:$C$11,3,1) -> 45.711 | F77: =(C77-E77)/E77 -> 0.10268992
A78: 42748 | B78: AB-1035-G | C78: 48.470442 | D78: 43 | E78: =VLOOKUP(B78,'SKU List'!$A$6:$C$11,3,1) -> 40.632 | F78: =(C78-E78)/E78 -> 0.19291302
A79: 42748 | B79: 84325322 | C79: 42.834681 | D79: 21 | E79: =VLOOKUP(B79,'SKU List'!$A$6:$C$11,3,1) -> 35.553 | F79: =(C79-E79)/E79 -> 0.20481201
A80: 42748 | B80: 13-23423 | C80: 65.719787 | D80: 34 | E80: =VLOOKUP(B80,'SKU List'!$A$6:$C$11,3,1) -> 5.079 | F80: =(C80-E80)/E80 -> 11.939513
A81: 42748 | B81: 14-34222 | C81: 61.16549 | D81: 38 | E81: =VLOOKUP(B81,'SKU List'!$A$6:$C$11,3,1) -> 10.158 | F81: =(C81-E81)/E81 -> 5.0214107
A82: 42749 | B82: 123-456789 | C82: 65.32698 | D82: 37 | E82: =VLOOKUP(B82,'SKU List'!$A$6:$C$11,3,1) -> 50.79 | F82: =(C82-E82)/E82 -> 0.28621737
A83: 42749 | B83: 654-2-34 | C83: 56.263875 | D83: 29 | E83: =VLOOKUP(B83,'SKU List'!$A$6:$C$11,3,1) -> 45.711 | F83: =(C83-E83)/E83 -> 0.23086073
A84: 42749 | B84: AB-1035-G | C84: 48.870823 | D84: 35 | E84: =VLOOKUP(B84,'SKU List'!$A$6:$C$11,3,1) -> 40.632 | F84: =(C84-E84)/E84 -> 0.20276685
A85: 42749 | B85: 84325322 | C85: 43.764765 | D85: 22 | E85: =VLOOKUP(B85,'SKU List'!$A$6:$C$11,3,1) -> 35.553 | F85: =(C85-E85)/E85 -> 0.2309725
A86: 42749 | B86: 13-23423 | C86: 63.161661 | D86: 39 | E86: =VLOOKUP(B86,'SKU List'!$A$6:$C$11,3,1) -> 5.079 | F86: =(C86-E86)/E86 -> 11.435846
A87: 42749 | B87: 14-34222 | C87: 59.397145 | D87: 39 | E87: =VLOOKUP(B87,'SKU List'!$A$6:$C$11,3,1) -> 10.158 | F87: =(C87-E87)/E87 -> 4.8473268
A88: 42750 | B88: 123-456789 | C88: 62.573231 | D88: 44 | E88: =VLOOKUP(B88,'SKU List'!$A$6:$C$11,3,1) -> 50.79 | F88: =(C88-E88)/E88 -> 0.23199904
A89: 42750 | B89: 654-2-34 | C89: 56.024474 | D89: 30 | E89: =VLOOKUP(B89,'SKU List'!$A$6:$C$11,3,1) -> 45.711 | F89: =(C89-E89)/E89 -> 0.22562346
A90: 42750 | B90: AB-1035-G | C90: 46.491992 | D90: 39 | E90: =VLOOKUP(B90,'SKU List'!$A$6:$C$11,3,1) -> 40.632 | F90: =(C90-E90)/E90 -> 0.1442211
A91: 42750 | B91: 84325322 | C91: 42.835635 | D91: 20 | E91: =VLOOKUP(B91,'SKU List'!$A$6:$C$11,3,1) -> 35.553 | F91: =(C91-E91)/E91 -> 0.20483884
A92: 42750 | B92: 13-23423 | C92: 61.382672 | D92: 41 | E92: =VLOOKUP(B92,'SKU List'!$A$6:$C$11,3,1) -> 5.079 | F92: =(C92-E92)/E92 -> 11.085582
A93: 42750 | B93: 14-34222 | C93: 63.299015 | D93: 41 | E93: =VLOOKUP(B93,'SKU List'!$A$6:$C$11,3,1) -> 10.158 | F93: =(C93-E93)/E93 -> 5.2314447
A94: 42751 | B94: 123-456789 | C94: 59.589041 | D94: 34 | E94: =VLOOKUP(B94,'SKU List'!$A$6:$C$11,3,1) -> 50.79 | F94: =(C94-E94)/E94 -> 0.17324358
A95: 42751 | B95: 654-2-34 | C95: 52.559536 | D95: 27 | E95: =VLOOKUP(B95,'SKU List'!$A$6:$C$11,3,1) -> 45.711 | F95: =(C95-E95)/E95 -> 0.14982248
A96: 42751 | B96: AB-1035-G | C96: 48.389811 | D96: 43 | E96: =VLOOKUP(B96,'SKU List'!$A$6:$C$11,3,1) -> 40.632 | F96: =(C96-E96)/E96 -> 0.1909286
A97: 42751 | B97: 84325322 | C97: 45.559423 | D97: 21 | E97: =VLOOKUP(B97,'SKU List'!$A$6:$C$11,3,1) -> 35.553 | F97: =(C97-E97)/E97 -> 0.28145087
A98: 42751 | B98: 13-23423 | C98: 56.117106 | D98: 44 | E98: =VLOOKUP(B98,'SKU List'!$A$6:$C$11,3,1) -> 5.079 | F98: =(C98-E98)/E98 -> 10.048849
A99: 42751 | B99: 14-34222 | C99: 61.143794 | D99: 36 | E99: =VLOOKUP(B99,'SKU List'!$A$6:$C$11,3,1) -> 10.158 | F99: =(C99-E99)/E99 -> 5.0192748
A100: 42752 | B100: 123-456789 | C100: 60.162793 | D100: 44 | E100: =VLOOKUP(B100,'SKU List'!$A$6:$C$11,3,1) -> 50.79 | F100: =(C100-E100)/E100 -> 0.18454013
...

Sheet Sales Forecast
B1: Note -- items in ORANGE have been removed from computations. | J1: U.S. Census Bureau (reference: https://www.census.gov/programs-surveys/popest/data/data-sets.html)
A2: SUMLEV | B2: REGION | C2: DIVISION | D2: STATE | E2: NAME | F2: POPESTIMATE2017 | H2: SUMLEV | I2: REGION | J2: DIVISION | K2: STATE | L2: NAME | M2: POPESTIMATE2017 | N2: Percentage of Sales | O2: Annual Sales Forecast (units) | P2: EOQ (units) | Q2: ROP (units) | R2: Number of Orders per Year that you'll make as the Purchasing Agent
H3: 10 | I3: 0 | J3: 0 | K3: 0 | L3: United States | M3: =SUM(F4:F55)-F5-F15-F55 -> 323551845 | N3: 1 | O3: 12556 | P3: 1361.37 | Q3: 1370.6 | R3: 799085
A4: 40 | B4: 3 | C4: 6 | D4: 1 | E4: Alabama | F4: 4874747
A5: 40 | B5: 4 | C5: 9 | D5: 2 | E5: Alaska | F5: 739795 | H5: SUMLEV | I5: REGION | J5: DIVISION | K5: STATE | N5: Note -- to compute these values, use the computed results below that are pulled from previous worksheets
A6: 40 | B6: 4 | C6: 8 | D6: 4 | E6: Arizona | F6: 7016270 | H6: 20 | I6: 1 | J6: 0 | K6: 0 | L6: Northeast Region | M6: =SUMIF($B$4:$B$55,I6,$F$4:$F$55) -> 56470581
A7: 40 | B7: 3 | C7: 7 | D7: 5 | E7: Arkansas | F7: 3004279 | H7: 20 | I7: 2 | J7: 0 | K7: 0 | L7: Midwest Region | M7: =SUMIF($B$4:$B$55,I7,$F$4:$F$55) -> 68179351
A8: 40 | B8: 4 | C8: 9 | D8: 6 | E8: California | F8: 39536653 | H8: 20 | I8: 3 | J8: 0 | K8: 0 | L8: South Region | M8: =SUMIF($B$4:$B$55,I8,$F$4:$F$55) -> 123658624
A9: 40 | B9: 4 | C9: 8 | D9: 8 | E9: Colorado | F9: 5607154 | H9: 20 | I9: 4 | J9: 0 | K9: 0 | L9: West Region | M9: =SUMIF($B$4:$B$55,I9,$F$4:$F$55)-F5-F15 -> 75243289
A10: 40 | B10: 1 | C10: 1 | D10: 9 | E10: Connecticut | F10: 3588184
A11: 40 | B11: 3 | C11: 5 | D11: 10 | E11: Delaware | F11: 961939
A12: 40 | B12: 3 | C12: 5 | D12: 11 | E12: District of Columbia | F12: 693972 | H12: Analysis: | J12: NOTE -- data sheets MUST BE FILTERED if a single SKU is required.
A13: 40 | B13: 3 | C13: 5 | D13: 12 | E13: Florida | F13: 20984400 | I13: Demand = | J13: (computed by region, see above)
A14: 40 | B14: 3 | C14: 5 | D14: 13 | E14: Georgia | F14: 10429379 | I14: Order Processing Cost = | J14: ='Order History'!M6 -> 181.00208 | K14: per order
A15: 40 | B15: 4 | C15: 9 | D15: 15 | E15: Hawaii | F15: 1427538 | I15: Inventory Holding Cost Rate = | J15: ='Operating Costs'!C21 -> 0.2462 | K15: annually
A16: 40 | B16: 4 | C16: 8 | D16: 16 | E16: Idaho | F16: 1716943 | I16: Cost per Unit = | J16: ='SKU List'!C6 -> 50.79
A17: 40 | B17: 2 | C17: 3 | D17: 17 | E17: Illinois | F17: 12802023 | I17: Lead time = | J17: ='Order History'!M4 -> 39.455357 | K17: days
A18: 40 | B18: 2 | C18: 3 | D18: 18 | E18: Indiana | F18: 6666818 | I18: StDev of Lead Time = | J18: ='Order History'!M5 -> 5.756138 | K18: days
A19: 40 | B19: 2 | C19: 4 | D19: 19 | E19: Iowa | F19: 3145711 | I19: StDev of Demand = | J19: ='Sales History'!M3 -> 7.591021 | K19: units
A20: 40 | B20: 2 | C20: 4 | D20: 20 | E20: Kansas | F20: 2913123 | I20: Service level = | J20: 0.94 | K20: (assumption for high service but avoiding higher costs)
A21: 40 | B21: 3 | C21: 6 | D21: 21 | E21: Kentucky | F21: 4454189 | I21: z = | J21: 1.5547736
A22: 40 | B22: 3 | C22: 7 | D22: 22 | E22: Louisiana | F22: 4684333
A23: 40 | B23: 1 | C23: 1 | D23: 23 | E23: Maine | F23: 1335907
A24: 40 | B24: 3 | C24: 5 | D24: 24 | E24: Maryland | F24: 6052177
A25: 40 | B25: 1 | C25: 1 | D25: 25 | E25: Massachusetts | F25: 6859819
A26: 40 | B26: 2 | C26: 3 | D26: 26 | E26: Michigan | F26: 9962311
A27: 40 | B27: 2 | C27: 4 | D27: 27 | E27: Minnesota | F27: 5576606
A28: 40 | B28: 3 | C28: 6 | D28: 28 | E28: Mississippi | F28: 2984100
A29: 40 | B29: 2 | C29: 4 | D29: 29 | E29: Missouri | F29: 6113532
A30: 40 | B30: 4 | C30: 8 | D30: 30 | E30: Montana | F30: 1050493
A31: 40 | B31: 2 | C31: 4 | D31: 31 | E31: Nebraska | F31: 1920076
A32: 40 | B32: 4 | C32: 8 | D32: 32 | E32: Nevada | F32: 2998039
A33: 40 | B33: 1 | C33: 1 | D33: 33 | E33: New Hampshire | F33: 1342795
... A54: 40 | B54: 4 | C54: 8 | D54: 56 | E54: Wyoming | F54: 579315
A55: 40 | B55: X | C55: X | D55: 72 | E55: Puerto Rico | F55: 3337177

Sheet Location Decision
E1: North/South | F1: East/West
E2: Y | F2: X
B3: Distribution Center | C3: Annual Demand, D (units) | D3: Qualitative Estimate of DC Location | E3: Lattitude (LAT) | F3: Longitude (LON) | G3: D*LAT | H3: D*LON
B4: Northeast Region | C4: 75311 | D4: 56470581 | E4: 48.948792 | F4: -98.088692 | G4: =C4*E4 -> 3686382.5 | H4: =D4*F4 -> -5.5391254e+09
B5: Midwest Region | C5: 75311 | D5: 68179351 | E5: 14.34999 | F5: 121.01051 | G5: =C5*E5 -> 1080712.1 | H5: =D5*F5 -> 8.2504182e+09
B6: South Region | C6: 75311 | D6: 123658624 | E6: 49.086391 | F6: 14.56982 | G6: =C6*E6 -> 3696745.2 | H6: =D6*F6 -> 1.8016839e+09
B7: West Region | C7: 75311 | D7: 75243289 | E7: 49.862999 | F7: 50.536961 | G7: =C7*E7 -> 3755232.3 | H7: =D7*F7 -> 3.8025672e+09
B8: TOTAL | C8: =SUM(C4:C7) -> 301244 | F8: Sum --> | G8: =SUM(G4:G7) -> 12219072 | H8: =SUM(H4:H7) -> 8.3155439e+09
C10: Recommended Source: | D10: https://www.latlong.net/
D11: (or other reference)
E13: Lattitude (LAT) | F13: Longitude (LON)
D14: New location Nation-wide Fulfillment Center | E14: 49.086391 | F14: 14.56982
D15: City/State | E15: South Region

Sheet Modes
B1: Transporation Service Matrix
D3: Cost
C4: Modes | D4: Fixed | E4: Variable | F4: Speed | G4: Flexibility
C5: Truck | D5: 1693972 | E5: weigth of goods | F5: 75 mph | G5: 0.45
C6: Rail | D6: 995689 | E6: Freight out | F6: 50 km/h | G6: 0.2
C7: Air | D7: 9962311 | E7: Fuel | F7: 740 – 930 kph | G7: 0.1
C8: Water | D8: 1342795 | E8: weigth of goods | F8: 40kph | G8: 0.3
C9: Pipeline | D9: 7405743 | E9: Freight out | F9: 50kph | G9: 0.4
C10: Intermodal | D10: 4142776 | E10: fuel, weight of goods | F10: 50-70kph | G10: 0.8
B12: Ports of Entry
D14: Distribution Center | E14: Port of Entry (from Africa) | F14: Mode to DC | G14: Port of Entry (from Asia) | H14: Mode to DC
C15: Northeast Region | D15: Northest Region | E15: Rota, Northern Mariana Islands - 3213 | F15: Truck | G15: Longview | H15: Truck
C16: Midwest Region | D16: Midwes Region | E16: Atlanta | F16: Air | G16: sumas | H16: AIR
C17: South Region | D17: South egion | E17: Longview | F17: Pipeline | G17: Oroville | H17: Air
C18: West Region | D18: West Rgion | E18: Sumas | F18: Rail | G18: Seattle | H18: Rail

Sheet SCM
B2: Key Supply Chain Partners
C3: Key Supplier | E3: Key Customer
B4: Name | C4: Walmart | E4: hypermarkets
B5: Product | C5: Interior designs | E5: discount department stores
B6: Contact information | C6: https://www.walmart.com/ | E6: grocery stores
B7: Type of Relationship | C7: Vendor Managed Inventory | E7: real estates
I9: Insert timeline here……
C10: Timeline | D10: SCOR Process | E10: Lead | F10: Supplier contact | G10: Duration | H10: Issues
C11: 1 | D11: plan | E11: Supply Chain Management | F11: 1567834567 | G11: 2 weeks | H11: N/A | I11: plan | J11: Supply Chain Management | K11: 1567834567 | L11: 2 weeks | M11: N/A
C12: 2 | D12: source | E12: Supply Chain Management | F12: 1563454567 | G12: 3 weeks | H12: N/A | I12: source | J12: Supply Chain Management | K12: 1563454567 | L12: 3 weeks | M12: N/A
C13: 3 | D13: make | E13: Supply Chain Management | F13: 1561235567 | G13: 1 month | H13: N/A | I13: make | J13: Supply Chain Management | K13: 1561235567 | L13: 1 month | M13: N/A
C14: 4 | D14: deliver | E14: Supply Chain Management | F14: 1569870567 | G14: 3 days | H14: N/A | I14: deliver | J14: Supply Chain Management | K14: 1569870567 | L14: 3 days | M14: N/A
C15: 5 | D15: return | E15: Supply Chain Management | F15: 1512454567 | G15: 2 weeks | H15: N/A | I15: return | J15: Supply Chain Management | K15: 1512454567 | L15: 2 weeks | M15: N/A
C16: 6 | D16: enable | E16: Supply Chain Management | F16: 1563456567 | G16: 1 week | H16: N/A | I16: enable | J16: Supply Chain Management | K16: 1563456567 | L16: 1 week | M16: N/A
C19: Enablers | F19: Technology Enhancement
C20: 1 | D20: Human Resources | F20: Social Media Revolution
C21: 2 | D21: Mangement | F21: Advanced Weighing Technology
C22: 3 | D22: Production departmnt | F22: Radio Technology
C23: 4 | D23: Suppliers | F23: Data Analytics
